 Dungeon Crawl Stone Soup version 0.31.0-32-g396128a36d (webtiles) character file.

Game seed: 11401306040923975916

235 PaiMei the Purveyor of Pain (level 5, -4/39 HPs)
             Began as a Demonspawn Necromancer on Mar 27, 2024.
             Was an Initiate of Kikubaaqudgha.
             Slain by Eustachio
             ... wielding a +0 rapier
              (10 damage)
             ... on level 4 of the Dungeon.
             The game lasted 00:04:29 (4379 turns).

PaiMei the Purveyor of Pain (DsNe)                  Turns: 4379, Time: 00:04:30

Health: -4/39      AC:  2    Str:  8    XL:     5   Next: 76%
Magic:  0/9        EV: 13    Int: 21    God:    Kikubaaqudgha [......]
Gold:   223        SH:  0    Dex: 17    Spells: 6/10 levels left

rFire   . . .        k - +1 whip (flame)
rCold   . . .        (no shield)
rNeg    . . .        h - +0 robe of Bicwet {Int+4 Dex+3}
rPois   .            (no helmet)
rElec   .            (no cloak)
rCorr   .            (no gloves)
SInv    .            (no boots)
Will    .....        (no amulet)
Stlth   ++           (no ring)
HPRegen 0.26/turn    (no ring)
MPRegen 0.11/turn

%: no passive effects
@: no status effects
A: hooves 1, foul stench 2, spiny 1
a: Renounce Religion


You were on level 4 of the Dungeon.
You worshipped Kikubaaqudgha.
Kikubaaqudgha was noncommittal.
You visited 1 branch of the dungeon, and saw 4 of its levels.

You collected 223 gold pieces.

Inventory:

Hand Weapons
 c - a +0 whip
 k - a +1 whip of flaming (weapon)
Armour
 a - a +0 robe
 d - a +0 kite shield
 e - an orb of mayhem
 h - the +0 robe of Bicwet (worn) {Int+4 Dex+3}
   (You found it on level 2 of the Dungeon)

   Int+4:     It affects your intelligence (+4).
   Dex+3:     It affects your dexterity (+3).
Jewellery
 j - an amulet of guardian spirit
Scrolls
 f - 2 scrolls of identify {unknown}
 g - 3 scrolls of teleportation {unknown}
 l - a scroll of immolation {unknown}
 m - 2 scrolls of amnesia {unknown}
 q - 2 scrolls of fear {unknown}
 r - a scroll of revelation {unknown}
Potions
 b - a potion of magic
 i - a potion of heal wounds {unknown}
 n - a potion of experience {unknown}
 o - 2 potions of curing {unknown}
 p - a potion of degeneration {unknown}


   Skills:
 + Level 2.3 Fighting
 + Level 3.1 Dodging
 - Level 2.0 Stealth
 + Level 3.2 Spellcasting
 + Level 5.4 Necromancy


You had 6 spell levels left.
You knew the following spells:

 Your Spells              Type           Power      Damage    Failure   Level
a - Necrotise             Necr           100%       1d9       1%          1
b - Vampiric Draining     Necr           26%        2d7       4%          3

Your spell library contained the following spells:

 Spells                   Type           Power      Damage    Failure   Level
 Magic Dart               Conj           12%        1d3       13%         1
 Animate Dead             Necr           26%        N/A       14%         4
 Searing Ray              Conj           6%         2d4       21%         2
 Curse of Agony           Necr           26%        N/A       36%         5
 Fulminant Prism          Conj/Alch      1%         3d5       78%         4
 Summon Forest            Summ/Tloc      1%         N/A       98%         5
 Summon Mana Viper        Hex/Summ       3%         N/A       98%         5
 Summon Cactus Giant      Summ           1%         N/A       100%        6


Dungeon Overview and Level Annotations

Branches:
Dungeon (4/15)
 Temple: D:4-7

Altars:
Ashenzari
Kikubaaqudgha
Vehumet

Shops:
D:2 :   D:3 :

Annotations:
D:3 exclusion: statue
D:4 Eustachio, Menkaure


Innate Abilities, Weirdness & Mutations

You have large cloven feet.
You sometimes emit foul miasma when damaged in melee.
You are partially covered in sharp spines.


Message History

You hit Eustachio. You burn Eustachio. Your kick misses Eustachio.
Eustachio is heavily wounded.
The bat hits you but does no damage. Eustachio hits you with a +0 rapier.
You emit a cloud of foul miasma!
Casting: Vampiric Draining (dangerous; 4% risk of failure)
Confirm with . or Enter, or press ? or * to list all spells.
You don't have enough magic to cast this spell.
You barely miss Eustachio. Your kick misses Eustachio.
Eustachio is heavily wounded.
The bat barely misses you.
Eustachio is engulfed in dark miasma.
Eustachio is poisoned.
Eustachio hits you with a +0 rapier!
* * * LOW HITPOINT WARNING * * *
Eustachio is engulfed in dark miasma.
Eustachio looks even sicker.
Eustachio gestures wildly while chanting.
Eustachio blinks!
The bat hits you but does no damage. x2
Casting: Vampiric Draining (dangerous; 4% risk of failure)
Confirm with . or Enter, or press ? or * to list all spells.
Aiming: Necrotise (safe; 1% risk of failure)
Press: ? - help, Shift-Dir - straight line, f/p - Eustachio
Aim: Eustachio, wielding a +0 rapier and wearing a +0 leather armour (severely wounded, very poisoned, chance to affect: 83%)
The bat writhes in agony.
You kill the bat!
The bat's corpse disappears in a puff of smoke!
The bat is struck by your spines. The bat hits you but does no damage.
The bat is struck by your spines.
You kill the bat!
The bat's corpse disappears in a puff of smoke!
The bat is struck by your spines. The bat misses you.
Eustachio is struck by your spines. Eustachio hits you with a +0 rapier.
* * * LOW HITPOINT WARNING * * *
Casting: Necrotise (safe; 1% risk of failure)
Confirm with . or Enter, or press ? or * to list all spells.
You don't have enough magic to cast this spell.
You hit Eustachio. You burn Eustachio.
Eustachio is almost dead.
Eustachio is struck by your spines. Eustachio hits you with a +0 rapier!
You die...
Eustachio says, "Such is the fate of all honourless rascals."
Kikubaaqudgha rasps: "You have failed me!
Welcome... death!"

#########.#
..........#
################
..##############
#...............
#.#<...........#
#.##############
.......#..####.#
#.# #.####.#..#
#.# #.# #.#
#.#..# #.# #.#
#.#
#.#..####.###§#
#.#
#.#..##...@@○b#
#.#
#.#..##########
#.# #.#..# #.#
#.#..# #.#
#.#..#
#.####....#
#.........#
#.####.##.# #.#
#.##.#


You could see Eustachio (very poisoned) and a bat (summoned).

Vanquished Creatures
  A hound (D:3)
  A bombardier beetle (D:4)
  A jelly (D:4)
  An iguana (D:4)
  6 adders
  A dart slug (D:3)
  A ribbon worm (D:3)
  6 orcs
  3 ball pythons
  3 bats
  2 endoplasms
  A giant cockroach (D:2)
  A goblin (D:1)
  5 hobgoblins
  8 jackals
  3 quokkas
  2 frilled lizards
  7 kobolds
  4 rats
57 creatures vanquished.

Vanquished Creatures (collateral kills)
  An endoplasm (D:1)
  A ball python (D:2)
  A rat (D:2)
3 creatures vanquished.

Grand Total: 60 creatures vanquished

Notes
Turn   | Place    | Note
-------+----------+-------------------------------------------
     0 | D:1      | PaiMei the Demonspawn Necromancer began the quest for the
                  | Orb.
     0 | D:1      | Reached XP level 1. HP: 13/13 MP: 3/3
   226 | D:1      | Gained mutation: You may rarely emit foul miasma when
                  | damaged in melee. [demonic ancestry]
   226 | D:1      | Reached XP level 2. HP: 19/19 MP: 3/5
  1469 | D:2      | Gained mutation: You sometimes emit foul miasma when
                  | damaged in melee. [demonic ancestry]
  1469 | D:2      | Reached XP level 3. HP: 25/25 MP: 4/6
  1473 | D:2      | Learned a level 3 spell: Vampiric Draining
  1519 | D:2      | Identified the +0 robe of Bicwet {Int+4 Dex+3}
  1656 | D:2      | Reached skill level 1 in Fighting
  1726 | D:2      | Found Xyosybat's Book Shop.
  1928 | D:2      | Gained mutation: You are partially covered in sharp spines.
                  | [demonic ancestry]
  1928 | D:2      | Reached XP level 4. HP: 28/32 MP: 2/7
  2278 | D:3      | Found Nipoman's Book Boutique.
  2364 | D:3      | Reached skill level 5 in Necromancy
  2438 | D:3      | Found a broken altar of Ashenzari.
  2576 | D:3      | Found a faded altar of an unknown god.
  2699 | D:3      | Found an ancient bone altar of Kikubaaqudgha.
  2707 | D:3      | Became a worshipper of Kikubaaqudgha
  2715 | D:3      | Gained mutation: You have large cloven feet. [demonic
                  | ancestry]
  2715 | D:3      | Reached XP level 5. HP: 38/38 MP: 5/9
  2923 | D:3      | Found a radiant altar of Vehumet.
  2925 | D:3      | Noticed a frost-covered statue
  3068 | D:4      | Noticed Menkaure
  3940 | D:4      | Noticed Eustachio
  4379 | D:4      | Slain by Eustachio

Illustrated notes

Levels and vault maps discovered:
D:1:      roderic_octagonal_star, layout_basic
D:2:      layout_rooms, serial_shops, shop, grunt_decor_clamped,
          grunt_decor_arrowhead
D:3:      layout_rooms, mainiacjoe_overflow_brackets, mainiacjoe_overflow_paths,
          vehumet_statue, hellmonk_ecumenical_altar_run_dry, serial_shops,
          nicolae_square_shop, amcnicky_mini_rare_corridor_liquid,
          serial_bayou_lagoon_b
D:4:      layout_basic, uniq_menkaure, uniq_eustachio

Skill      XL: |  1  2  3  4  5 |
---------------+----------------+-----
Stealth        | 2 |  2.0
Dodging        | 2 3 |  3.1
Fighting       | 1 2 |  2.3
Necromancy     | 5 |  5.4
Spellcasting   | 3 |  3.2

Action                     |  1- 3 |  4- 6 || total
---------------------------+-------+-------++-------
  Melee: Whip              |     7 |    13 ||    20
         Kick              |       |     1 ||     1
   Cast: Necrotise         |    53 |    46 ||    99
         Vampiric Draining |       |     6 ||     6
 Armour: Robe              |    18 |    23 ||    41
  Dodge: Dodged            |    17 |    14 ||    31
